Inferno vs Mustangs
Created - November 5, 2019 at 19:33
Goals
|
| Inferno |
2 |
1 |
1 |
4 |
| Mustangs |
2 |
3 |
2 |
7 |
|
Shots
|
| Inferno |
16 |
8 |
5 |
29 |
| Mustangs |
16 |
8 |
12 |
36 |
|
1st period
1. Mustangs , Alexei Marchenko 3 (Melker Karlsson 6, Craig Smith 9) at 6:41 (PP)
2. Inferno , Kevin Labanc 3 (Victor Rask 4, Matthew Nieto 4) at 10:16 (PP)
3. Mustangs , Joshua Leivo 3 (Melker Karlsson 7) at 13:22
4. Inferno , Matt Kassian 2 (Victor Rask 5) at 13:58
Penalties :
Philip Varone (Anc) for Delaying the game (Minor) at 6:12, Stefan Matteau (Ham) for Interference (Minor) at 9:41, Dakota Mermis (Ham) for Interference (Minor) at 17:33
2nd period
5. Mustangs , Joshua Leivo 4 (Melker Karlsson 8) at 1:18
6. Mustangs , Iven Barbashev 2 (Dakota Mermis 2) at 1:52
7. Inferno , Anders Lee 4 (Christian Folin 2) at 3:52 (PP)
8. Mustangs , Craig Smith 5 (Melker Karlsson 9) at 15:23 (PP)
Penalties :
Alex Tuch (Ham) for Hooking (Minor) at 3:44, Frank Corrado (Anc) for Roughing (Minor) at 5:13, Matthew Nieto (Anc) for Tripping (Minor) at 12:22, Ryan Spooner (Anc) for Holding Stick (Minor) at 15:18
3rd period
9. Inferno , Tanner Pearson 3 (David Savard 4) at 1:36
10. Mustangs , Joshua Leivo 5 (Melker Karlsson 10) at 12:14
11. Mustangs , JT Compher 2 (Alexei Marchenko 7, Max Gortz 3) at 18:21
Penalties :
Scott Mayfield (Ham) for Slashing (Minor) at 2:27, Esa Lindell (Anc) for Hooking (Minor) at 18:24
Goalie Stats
Christopher Gibson (Anc), 15 saves from 19 shots - (0.789), 21:52 minutes
Michael Hutchinson (Anc), 14 saves from 17 shots - (0.824), L, 0-1-0, 38:08 minutes
Chet Pickard (Ham), 25 saves from 29 shots - (0.862), W, 3-2-0, 60:00 minutes
Players Stats for Inferno
Player Name G A P +/- PIM S H SB GA TA FO MP PP MP PK MP
------------------------------------------------------------------------------------
Anders Lee 1 0 1 -1 0 4 0 0 0 0 14/32 22:13 2:35 3:23
Bryan Rust 0 0 0 -1 0 3 4 0 2 1 0/1 19:43 0:00 3:32
Christian Folin 0 1 1 -3 0 1 3 2 1 0 0/0 21:20 2:32 3:41
Colby Robak 0 0 0 0 0 0 2 0 0 0 0/0 23:33 0:00 3:41
David Savard 0 1 1 0 0 0 2 0 0 1 0/0 25:52 2:09 2:26
Esa Lindell 0 0 0 -3 2 1 0 1 0 0 0/0 20:21 2:32 0:00
Frank Corrado 0 0 0 0 2 0 0 0 0 0 0/0 14:17 2:09 0:00
Kevin Labanc 1 0 1 -2 0 4 3 0 0 0 0/1 14:57 2:06 0:00
Mathieu Brodeur 0 0 0 0 0 0 1 1 0 0 0/0 14:36 0:00 2:26
Matt Kassian 1 0 1 1 0 1 0 0 0 0 0/0 11:36 0:00 0:58
Matthew Nieto 0 1 1 -2 2 4 2 0 2 0 0/0 16:11 2:06 1:01
Oliver Bjorkstrand 0 0 0 1 0 3 0 0 0 0 0/0 13:15 2:32 0:00
Peter Cehlarik 0 0 0 -1 0 0 2 0 0 0 0/0 9:15 0:00 0:00
Philip Varone 0 0 0 -2 2 3 2 0 0 0 4/7 15:16 0:00 2:24
Ryan Spooner 0 0 0 -1 2 2 1 0 0 0 1/4 9:14 0:00 0:00
Tanner Pearson 1 0 1 -1 0 2 1 2 1 0 1/2 19:36 2:35 0:36
Tyler Shattock 0 0 0 -1 0 1 0 0 1 0 0/0 9:18 0:03 0:00
Victor Rask 0 2 2 1 0 0 1 0 0 0 4/8 13:15 2:06 0:20
Players Stats for Mustangs
Player Name G A P +/- PIM S H SB GA TA FO MP PP MP PK MP
------------------------------------------------------------------------------------
Alex Tuch 0 0 0 2 2 2 4 0 0 1 0/1 17:02 0:03 0:00
Alexei Marchenko 1 1 2 1 0 4 3 0 0 1 0/0 26:14 3:49 2:52
Ben Harpur 0 0 0 1 0 0 0 4 0 0 0/0 21:03 2:18 1:49
Craig Smith 1 1 2 0 0 2 3 0 0 0 1/1 18:51 3:26 2:49
Curtis Hamilton 0 0 0 0 0 1 0 0 0 0 0/0 11:45 0:00 0:09
Dakota Mermis 0 1 1 1 2 0 1 2 0 0 0/0 13:02 0:00 0:59
Danny Biega 0 0 0 1 0 0 1 1 1 0 0/0 14:28 0:28 1:58
Iven Barbashev 1 0 1 1 0 3 0 0 0 0 0/2 8:23 0:00 0:00
Josh Ho-Sang 0 0 0 1 0 1 0 0 0 0 0/0 8:23 0:00 0:00
Joshua Leivo 3 0 3 2 0 10 2 1 0 0 1/1 22:10 3:29 1:43
JT Compher 1 0 1 0 0 1 1 0 0 0 0/0 14:53 2:38 0:00
Max Gortz 0 1 1 0 0 2 2 0 0 0 0/0 13:54 2:38 0:00
Melker Karlsson 0 5 5 2 0 6 4 1 1 2 24/37 23:11 3:29 2:49
Michael McCarron 0 0 0 1 0 0 1 0 0 0 0/1 8:32 0:00 0:09
Nick Schmaltz 0 0 0 0 0 2 2 0 0 1 2/4 11:55 0:00 0:00
Ryan Pulock 0 0 0 1 0 0 1 0 0 2 0/0 23:40 3:21 0:00
Scott Mayfield 0 0 0 1 2 0 1 1 0 0 0/0 21:09 2:18 1:44
Stefan Matteau 0 0 0 0 2 2 1 2 0 0 3/8 16:40 2:38 1:43
3 Stars
1 - Joshua Leivo (Ham)
2 - Melker Karlsson (Ham)
3 - Alexei Marchenko (Ham)
Power Play
Inferno - 2 on 4 Attempt(s) - 50.00%
Mustangs - 2 on 5 Attempt(s) - 40.00%
Penalty Kill
Inferno - 3 on 5 Attempt(s) - 60.00%
- Score 0 goal in Penalty Kill
Mustangs - 2 on 4 Attempt(s) - 50.00%
- Score 0 goal in Penalty Kill
Team Stat
Inferno - Hits : 24 - Faceoff Wins : 24 - Blocked Shots : 6 - Penalty Minutes : 10
Mustangs - Hits : 27 - Faceoff Wins : 31 - Blocked Shots : 12 - Penalty Minutes : 8
Official
Referees : Unknown
Linesman : Unknown
Game Notes
Michael Hutchinson enters game at 1:52 of 2nd period
Joshua Leivo has scored a Hat Trick!
Finance
Level 1 -- Attendance: 1353 (67.65%) -- Ticket Income $54,120
Level 2 -- Attendance: 768 (76.80%) -- Ticket Income $15,360
Total Attendance: 2121 (70.70%)
Total Ticket Income: $69,480
Other Income: $3,474
Total Income: $72,954
Inferno
5 vs 5 Forward
Center Left Wing Right Wing Time % Phy DF OF
1 Anders Lee Tanner Pearson Bryan Rust 40 1 2 2
2 Philip Varone Matthew Nieto Kevin Labanc 30 1 2 2
3 Victor Rask Matt Kassian Oliver Bjorkstrand 20 1 2 2
4 Ryan Spooner Peter Cehlarik Tyler Shattock 10 1 2 2
5 vs 5 Defense
Defense Defense Time % Phy DF OF
1 Colby Robak David Savard 40 1 2 2
2 Esa Lindell Christian Folin 30 1 2 2
3 Frank Corrado Mathieu Brodeur 20 1 2 2
4 Esa Lindell David Savard 10 1 2 2
PowerPlay Forward
Center Left Wing Right Wing Time % Phy DF OF
1 Anders Lee Tanner Pearson Oliver Bjorkstrand 60 1 2 2
2 Victor Rask Matthew Nieto Kevin Labanc 40 1 2 2
PowerPlay Defense
Defense Defense Time % Phy DF OF
1 Esa Lindell Christian Folin 60 1 2 2
2 Frank Corrado David Savard 40 1 2 2
Penalty Kill 4 Players Forward
Center Wing Time % Phy DF OF
1 Anders Lee Bryan Rust 60 1 2 2
2 Philip Varone Matt Kassian 40 1 2 2
Penalty Kill 4 Players Defense
Defense Defense Time % Phy DF OF
1 Colby Robak Christian Folin 60 1 2 2
2 Mathieu Brodeur David Savard 40 1 2 2
Penalty Kill - 3 Players Forward
Forward Time % Phy DF OF
1 Bryan Rust 60 1 2 2
2 Matt Kassian 40 1 2 2
Penalty Kill - 3 Players Defense
Defense Defense Time % Phy DF OF
1 Colby Robak Christian Folin 60 1 2 2
2 Mathieu Brodeur David Savard 40 1 2 2
4 vs 4 Forward
Center Wing Time % Phy DF OF
1 Anders Lee Bryan Rust 60 1 2 2
2 Philip Varone Matt Kassian 40 1 2 2
4 vs 4 Defense
Defense Defense Time % Phy DF OF
1 Colby Robak Christian Folin 60 1 2 2
2 Esa Lindell David Savard 40 1 2 2
Last Minutes Offensive
Center Left Wing Right Wing Defense Defense
Anders Lee Tanner Pearson Bryan Rust Esa Lindell Christian Folin
Last Minutes Defensive
Center Left Wing Right Wing Defense Defense
Anders Lee Tanner Pearson Bryan Rust Colby Robak Christian Folin
Goaltenders
Starting : Christopher Gibson
Backup : Michael Hutchinson
Extra Forwards
Normal : Bryan Rust, Matthew Nieto, Oliver Bjorkstrand - PP : Matthew Nieto, Oliver Bjorkstrand - PK : Bryan Rust
Extra Defensemen
Normal : David Savard, Esa Lindell, Mathieu Brodeur - PP : Esa Lindell - PK : David Savard, Mathieu Brodeur
Penalty Shots
Anders Lee, Tanner Pearson, Oliver Bjorkstrand, Victor Rask, Bryan Rust
Scratches
Chris Brown (Healthy), Trevor Carrick (Healthy), Petteri Lindbohm (Healthy), Eric Karlsson (Healthy), John Gilmour (Healthy)
Vladimir Sobotka (Healthy), Vladimir Zharkov (Healthy), Ryan Donato (Healthy), Vladislav Kamenev (Healthy), Dominik Masin (Healthy)
Brandon Hickey (Healthy), Greg Pateryn (Healthy), Nathan Lieuwen (Healthy), Vitek Vanecek (Healthy)
Mustangs
5 vs 5 Forward
Center Left Wing Right Wing Time % Phy DF OF
1 Melker Karlsson Joshua Leivo Alex Tuch 40 1 2 2
2 Stefan Matteau JT Compher Craig Smith 30 1 2 2
3 Nick Schmaltz Curtis Hamilton Max Gortz 20 1 2 2
4 Iven Barbashev Michael McCarron Josh Ho-Sang 10 1 2 2
5 vs 5 Defense
Defense Defense Time % Phy DF OF
1 Alexei Marchenko Ryan Pulock 44 1 2 2
2 Scott Mayfield Ben Harpur 33 1 2 2
3 Dakota Mermis Danny Biega 23 1 2 2
4 Alexei Marchenko Scott Mayfield 0 1 2 2
PowerPlay Forward
Center Left Wing Right Wing Time % Phy DF OF
1 Melker Karlsson Joshua Leivo Craig Smith 60 1 2 2
2 Stefan Matteau JT Compher Max Gortz 40 1 2 2
PowerPlay Defense
Defense Defense Time % Phy DF OF
1 Alexei Marchenko Ryan Pulock 60 1 2 2
2 Scott Mayfield Ben Harpur 40 1 2 2
Penalty Kill 4 Players Forward
Center Wing Time % Phy DF OF
1 Melker Karlsson Craig Smith 60 1 2 2
2 Stefan Matteau Joshua Leivo 40 1 2 2
Penalty Kill 4 Players Defense
Defense Defense Time % Phy DF OF
1 Alexei Marchenko Scott Mayfield 60 1 2 2
2 Dakota Mermis Ben Harpur 40 1 2 2
Penalty Kill - 3 Players Forward
Forward Time % Phy DF OF
1 Melker Karlsson 60 1 2 2
2 Stefan Matteau 40 1 2 2
Penalty Kill - 3 Players Defense
Defense Defense Time % Phy DF OF
1 Alexei Marchenko Scott Mayfield 60 1 2 2
2 Dakota Mermis Ben Harpur 40 1 2 2
4 vs 4 Forward
Center Wing Time % Phy DF OF
1 Melker Karlsson Joshua Leivo 60 1 2 2
2 Stefan Matteau JT Compher 40 1 2 2
4 vs 4 Defense
Defense Defense Time % Phy DF OF
1 Alexei Marchenko Ryan Pulock 60 1 2 2
2 Scott Mayfield Ben Harpur 40 1 2 2
Last Minutes Offensive
Center Left Wing Right Wing Defense Defense
Melker Karlsson JT Compher Craig Smith Alexei Marchenko Ryan Pulock
Last Minutes Defensive
Center Left Wing Right Wing Defense Defense
Melker Karlsson Joshua Leivo Craig Smith Alexei Marchenko Scott Mayfield
Goaltenders
Starting : Chet Pickard
Backup : Anthony Stolarz
Extra Forwards
Normal : Melker Karlsson, Stefan Matteau, Nick Schmaltz - PP : JT Compher, Alex Tuch - PK : Melker Karlsson
Extra Defensemen
Normal : Alexei Marchenko, Scott Mayfield, Dakota Mermis - PP : Scott Mayfield - PK : Alexei Marchenko, Danny Biega
Penalty Shots
Melker Karlsson, Alex Tuch, JT Compher, Joshua Leivo, Stefan Matteau
Scratches
Ryan Graves (Healthy), Matthew Finn (Healthy), Jim O'Brien (Healthy), Kurtis Gabriel (Healthy), Raphael Bussieres (Healthy)
Sam Kurker (Healthy), Brett Pollock (Healthy), Steven Spinner (Healthy), Joacim Eriksson (Healthy)
% Time on Ice - Inferno
Lines # - Real PCT - Wanted PCT - Time Play
Normal Forward
1 - 33% - 40% - 16:26
2 - 26% - 30% - 12:53
3 - 22% - 20% - 10:38
4 - 19% - 10% - 9:15
Normal Defense
1 - 41% - 40% - 20:12
2 - 31% - 30% - 15:15
3 - 22% - 20% - 11:02
4 - 6% - 10% - 2:43
PP Forward
1 - 55% - 60% - 2:35
2 - 45% - 40% - 2:06
PP Defense
1 - 54% - 60% - 2:32
2 - 46% - 40% - 2:09
PK Forward
1 - 84% - 60% - 5:09
2 - 16% - 40% - 0:58
PK Defense
1 - 60% - 60% - 3:41
2 - 40% - 40% - 2:26
PK3 Forward
1 - 0% - 60%
2 - 0% - 40%
PK3 Defense
1 - 0% - 60%
2 - 0% - 40%
44 Forward
1 - 0% - 60%
2 - 0% - 40%
44 Defense
1 - 0% - 60%
2 - 0% - 40%
Last Minute Offensive - 0:00
Last Minute Defensive - 0:00
Total
Forward - 60:00
Defense - 60:00
|
% Time on Ice - Mustangs
Lines # - Real PCT - Wanted PCT - Time Play
Normal Forward
1 - 34% - 40% - 16:58
2 - 25% - 30% - 12:15
3 - 24% - 20% - 11:36
4 - 17% - 10% - 8:23
Normal Defense
1 - 41% - 44% - 20:17
2 - 34% - 33% - 16:56
3 - 24% - 23% - 11:59
4 - 0% - 0% - 0:00
PP Forward
1 - 57% - 60% - 3:29
2 - 43% - 40% - 2:38
PP Defense
1 - 62% - 60% - 3:49
2 - 38% - 40% - 2:18
PK Forward
1 - 87% - 60% - 4:04
2 - 13% - 40% - 0:37
PK Defense
1 - 65% - 60% - 3:04
2 - 35% - 40% - 1:37
PK3 Forward
1 - 0% - 60%
2 - 0% - 40%
PK3 Defense
1 - 0% - 60%
2 - 0% - 40%
44 Forward
1 - 0% - 60%
2 - 0% - 40%
44 Defense
1 - 0% - 60%
2 - 0% - 40%
Last Minute Offensive - 0:00
Last Minute Defensive - 0:00
Total
Forward - 60:00
Defense - 60:00
|
Play-by-Play
1st period
0:01 of 1st period - Melker Karlsson wins face-off versus Anders Lee in neutral zone.
0:46 of 1st period - Snap shot by Philip Varone.
0:46 of 1st period - Stopped by Chet Pickard with a rebound.
0:52 of 1st period - Colby Robak is hit by Max Gortz and loses puck.
1:07 of 1st period - Wrist shot by Joshua Leivo.
1:07 of 1st period - Stopped by Christopher Gibson without a rebound.
1:08 of 1st period - Melker Karlsson wins face-off versus Ryan Spooner in Inferno zone.
1:56 of 1st period - Michael McCarron is hit by Kevin Labanc and loses puck.
2:01 of 1st period - Slapshot by Kevin Labanc.
2:01 of 1st period - Shot Blocked by Dakota Mermis.
2:03 of 1st period - Snap shot by Matthew Nieto.
2:03 of 1st period - Stopped by Chet Pickard without a rebound.
2:04 of 1st period - Melker Karlsson wins face-off versus Victor Rask in Mustangs zone.
2:19 of 1st period - Snap shot by Joshua Leivo.
2:19 of 1st period - Shot Misses the Net.
3:30 of 1st period - Snap shot by Iven Barbashev.
3:30 of 1st period - Stopped by Christopher Gibson with a rebound.
4:10 of 1st period - Snap shot by Bryan Rust.
4:10 of 1st period - Stopped by Chet Pickard with a rebound.
4:16 of 1st period - Snap shot by Anders Lee.
4:16 of 1st period - Stopped by Chet Pickard with a rebound.
4:18 of 1st period - Snap shot by Esa Lindell.
4:18 of 1st period - Stopped by Chet Pickard with a rebound.
4:54 of 1st period - Wrist shot by Oliver Bjorkstrand.
4:54 of 1st period - Stopped by Chet Pickard without a rebound.
4:55 of 1st period - Melker Karlsson wins face-off versus Anders Lee in Mustangs zone.
5:29 of 1st period - Wrist shot by Stefan Matteau.
5:29 of 1st period - Shot Misses the Net.
6:03 of 1st period - Ryan Pulock is hit by David Savard and loses puck.
6:09 of 1st period - Off-side.
6:10 of 1st period - Philip Varone wins face-off versus Melker Karlsson in neutral zone.
6:12 of 1st period - Minor Penalty to Philip Varone for Delaying the game.
6:13 of 1st period - Melker Karlsson wins face-off versus Anders Lee in Inferno zone.
6:23 of 1st period - Wrist shot by Melker Karlsson.
6:23 of 1st period - Shot Misses the Net.
6:25 of 1st period - Wrist shot by Joshua Leivo.
6:25 of 1st period - Deflect By Craig Smith.
6:25 of 1st period - Stopped by Christopher Gibson with a rebound.
6:27 of 1st period - Slapshot by Joshua Leivo.
6:27 of 1st period - Stopped by Christopher Gibson without a rebound.
6:28 of 1st period - Melker Karlsson wins face-off versus Anders Lee in Inferno zone.
6:39 of 1st period - Snap shot by Melker Karlsson.
6:39 of 1st period - Shot Blocked by Christian Folin.
6:41 of 1st period - Backhand shot by Alexei Marchenko.
6:41 of 1st period - Goal by Alexei Marchenko - Inferno : 0 - Mustangs : 1.
6:42 of 1st period - Melker Karlsson wins face-off versus Anders Lee in neutral zone.
6:45 of 1st period - Wrist shot by Melker Karlsson.
6:45 of 1st period - Stopped by Christopher Gibson with a rebound.
7:15 of 1st period - Backhand shot by Kevin Labanc.
7:15 of 1st period - Stopped by Chet Pickard with a rebound.
7:17 of 1st period - Wrist shot by Christian Folin.
7:17 of 1st period - Shot Blocked by Ben Harpur.
7:21 of 1st period - Snap shot by Matthew Nieto.
7:21 of 1st period - Shot Hit the Post.
7:23 of 1st period - Snap shot by Kevin Labanc.
7:23 of 1st period - Shot Misses the Net.
7:52 of 1st period - Frank Corrado is hit by Michael McCarron and loses puck.
7:59 of 1st period - Slapshot by Ryan Spooner.
7:59 of 1st period - Stopped by Chet Pickard without a rebound.
8:00 of 1st period - Melker Karlsson wins face-off versus Anders Lee in Mustangs zone.
8:07 of 1st period - Wrist shot by Joshua Leivo.
8:07 of 1st period - Stopped by Christopher Gibson with a rebound.
8:50 of 1st period - David Savard is hit by Nick Schmaltz and loses puck.
9:07 of 1st period - Esa Lindell is hit by Alexei Marchenko and loses puck.
9:23 of 1st period - Bryan Rust is hit by Alex Tuch and loses puck.
9:41 of 1st period - Minor Penalty to Stefan Matteau for Interference.
9:42 of 1st period - Melker Karlsson wins face-off versus Anders Lee in Mustangs zone.
9:58 of 1st period - Snap shot by Anders Lee.
9:58 of 1st period - Shot Misses the Net.
10:16 of 1st period - Wrist shot by Kevin Labanc.
10:16 of 1st period - Goal by Kevin Labanc - Inferno : 1 - Mustangs : 1.
10:17 of 1st period - Melker Karlsson wins face-off versus Bryan Rust in neutral zone.
10:26 of 1st period - Wrist shot by Joshua Leivo.
10:26 of 1st period - Shot Misses the Net.
10:28 of 1st period - Snap shot by Alex Tuch.
10:28 of 1st period - Stopped by Christopher Gibson with a rebound.
10:30 of 1st period - Snap shot by Joshua Leivo.
10:30 of 1st period - Deflect By Melker Karlsson.
10:30 of 1st period - Stopped by Christopher Gibson without a rebound.
10:31 of 1st period - Anders Lee wins face-off versus Stefan Matteau in Inferno zone.
11:15 of 1st period - Slapshot by Alexei Marchenko.
11:15 of 1st period - Stopped by Christopher Gibson without a rebound.
11:16 of 1st period - Nick Schmaltz wins face-off versus Victor Rask in Inferno zone.
11:23 of 1st period - Wrist shot by Max Gortz.
11:23 of 1st period - Stopped by Christopher Gibson without a rebound.
11:24 of 1st period - Anders Lee wins face-off versus Melker Karlsson in Inferno zone.
12:21 of 1st period - Wrist shot by Victor Rask.
12:21 of 1st period - Deflect By Oliver Bjorkstrand.
12:21 of 1st period - Stopped by Chet Pickard without a rebound.
12:22 of 1st period - Melker Karlsson wins face-off versus Anders Lee in Mustangs zone.
12:35 of 1st period - Snap shot by Bryan Rust.
12:35 of 1st period - Stopped by Chet Pickard with a rebound.
12:37 of 1st period - Slapshot by Christian Folin.
12:37 of 1st period - Deflect By Tanner Pearson.
12:37 of 1st period - Shot Blocked by Melker Karlsson.
12:37 of 1st period - Puck is out of play.
12:38 of 1st period - Philip Varone wins face-off versus Stefan Matteau in Mustangs zone.
13:03 of 1st period - Colby Robak is hit by Ryan Pulock.
13:04 of 1st period - Icing by Colby Robak.
13:05 of 1st period - Philip Varone wins face-off versus Iven Barbashev in Inferno zone.
13:12 of 1st period - Snap shot by Josh Ho-Sang.
13:12 of 1st period - Stopped by Christopher Gibson without a rebound.
13:13 of 1st period - Melker Karlsson wins face-off versus Anders Lee in Inferno zone.
13:22 of 1st period - Snap shot by Joshua Leivo.
13:22 of 1st period - Goal by Joshua Leivo - Inferno : 1 - Mustangs : 2.
13:23 of 1st period - Anders Lee wins face-off versus Melker Karlsson in neutral zone.
13:26 of 1st period - Alexei Marchenko is hit by Colby Robak.
13:38 of 1st period - Snap shot by Melker Karlsson.
13:38 of 1st period - Stopped by Christopher Gibson with a rebound.
13:50 of 1st period - Wrist shot by Victor Rask.
13:50 of 1st period - Shot Blocked by Stefan Matteau.
13:52 of 1st period - Slapshot by Christian Folin.
13:52 of 1st period - Stopped by Chet Pickard without a rebound.
13:53 of 1st period - Victor Rask wins face-off versus Stefan Matteau in Mustangs zone.
13:58 of 1st period - Slapshot by Matt Kassian.
13:58 of 1st period - Goal by Matt Kassian - Inferno : 2 - Mustangs : 2.
13:59 of 1st period - Melker Karlsson wins face-off versus Anders Lee in neutral zone.
14:29 of 1st period - Icing by Philip Varone.
14:30 of 1st period - Nick Schmaltz wins face-off versus Philip Varone in Inferno zone.
14:33 of 1st period - Snap shot by Alexei Marchenko.
14:33 of 1st period - Stopped by Christopher Gibson with a rebound.
15:24 of 1st period - Slapshot by Curtis Hamilton.
15:24 of 1st period - Shot Blocked by Esa Lindell.
15:30 of 1st period - Ryan Pulock is hit by Christian Folin and loses puck.
15:53 of 1st period - Slapshot by Matthew Nieto.
15:53 of 1st period - Deflect By Philip Varone.
15:53 of 1st period - Stopped by Chet Pickard with a rebound.
15:55 of 1st period - Slapshot by Matthew Nieto.
15:55 of 1st period - Stopped by Chet Pickard without a rebound.
15:56 of 1st period - Melker Karlsson wins face-off versus Tanner Pearson in Mustangs zone.
16:05 of 1st period - Snap shot by Joshua Leivo.
16:05 of 1st period - Stopped by Christopher Gibson with a rebound.
16:42 of 1st period - Iven Barbashev is hit by Ryan Spooner and loses puck.
17:33 of 1st period - Minor Penalty to Dakota Mermis for Interference.
17:34 of 1st period - Melker Karlsson wins face-off versus Anders Lee in Mustangs zone.
17:43 of 1st period - Melker Karlsson is hit by Christian Folin and loses puck.
17:48 of 1st period - Snap shot by Tanner Pearson.
17:48 of 1st period - Stopped by Chet Pickard with a rebound.
17:50 of 1st period - Slapshot by Christian Folin.
17:50 of 1st period - Shot Misses the Net.
18:16 of 1st period - Wrist shot by Stefan Matteau.
18:16 of 1st period - Shot Misses the Net.
19:33 of 1st period - Penalty to Dakota Mermis is over, Dakota Mermis is back on ice.
19:45 of 1st period - Christian Folin is hit by Alexei Marchenko.
19:51 of 1st period - Tyler Shattock is hit by Alexei Marchenko and loses puck.
Goals for this period are 2 for Inferno vs 2 for Mustangs.
Shots for this period are 16 for Inferno vs 16 for Mustangs.
2nd period
0:01 of 2nd period - Anders Lee wins face-off versus Melker Karlsson in neutral zone.
0:04 of 2nd period - Alexei Marchenko is hit by Colby Robak and loses puck.
0:08 of 2nd period - Icing by Melker Karlsson.
0:09 of 2nd period - Anders Lee wins face-off versus Alex Tuch in Mustangs zone.
0:14 of 2nd period - Snap shot by Bryan Rust.
0:14 of 2nd period - Shot Misses the Net.
1:16 of 2nd period - Snap shot by Joshua Leivo.
1:16 of 2nd period - Stopped by Christopher Gibson with a rebound.
1:18 of 2nd period - Wrist shot by Joshua Leivo.
1:18 of 2nd period - Goal by Joshua Leivo - Inferno : 2 - Mustangs : 3.
1:19 of 2nd period - Stefan Matteau wins face-off versus Victor Rask in neutral zone.
1:22 of 2nd period - Christian Folin is hit by Stefan Matteau and loses puck.
1:52 of 2nd period - Snap shot by Iven Barbashev.
1:52 of 2nd period - Goal by Iven Barbashev - Inferno : 2 - Mustangs : 4.
1:52 of 2nd period - Michael Hutchinson enters game.
1:53 of 2nd period - Anders Lee wins face-off versus Stefan Matteau in neutral zone.
2:06 of 2nd period - Esa Lindell is hit by Craig Smith and loses puck.
2:19 of 2nd period - Esa Lindell is hit by Melker Karlsson and loses puck.
3:25 of 2nd period - Wrist shot by Stefan Matteau.
3:25 of 2nd period - Shot Blocked by Tanner Pearson.
3:44 of 2nd period - Minor Penalty to Alex Tuch for Hooking.
3:45 of 2nd period - Melker Karlsson wins face-off versus Anders Lee in Mustangs zone.
3:52 of 2nd period - Snap shot by Anders Lee.
3:52 of 2nd period - Goal by Anders Lee - Inferno : 3 - Mustangs : 4.
3:53 of 2nd period - Melker Karlsson wins face-off versus Anders Lee in neutral zone.
3:56 of 2nd period - Slapshot by Ben Harpur.
3:56 of 2nd period - Shot Blocked by Tanner Pearson.
4:18 of 2nd period - Ben Harpur is hit by Matthew Nieto and loses puck.
4:41 of 2nd period - Wrist shot by Stefan Matteau.
4:41 of 2nd period - Stopped by Michael Hutchinson with a rebound.
5:13 of 2nd period - Minor Penalty to Frank Corrado for Roughing.
5:14 of 2nd period - Melker Karlsson wins face-off versus Anders Lee in Inferno zone.
5:31 of 2nd period - Backhand shot by Anders Lee.
5:31 of 2nd period - Stopped by Chet Pickard with a rebound.
5:55 of 2nd period - Alexei Marchenko is hit by Mathieu Brodeur and loses puck.
6:50 of 2nd period - Philip Varone is hit by Joshua Leivo and loses puck.
7:05 of 2nd period - David Savard is hit by Danny Biega and loses puck.
7:13 of 2nd period - Penalty to Frank Corrado is over, Frank Corrado is back on ice.
7:48 of 2nd period - Slapshot by Matt Kassian.
7:48 of 2nd period - Shot Misses the Net.
8:25 of 2nd period - Ryan Pulock is hit by Peter Cehlarik and loses puck.
8:38 of 2nd period - Dakota Mermis is hit by Victor Rask and loses puck.
8:53 of 2nd period - Wrist shot by Stefan Matteau.
8:53 of 2nd period - Stopped by Michael Hutchinson with a rebound.
9:03 of 2nd period - Snap shot by Colby Robak.
9:03 of 2nd period - Shot Misses the Net.
9:05 of 2nd period - Snap shot by Kevin Labanc.
9:05 of 2nd period - Shot Blocked by Ben Harpur.
9:07 of 2nd period - Slapshot by Kevin Labanc.
9:07 of 2nd period - Stopped by Chet Pickard with a rebound.
12:07 of 2nd period - Kevin Labanc is hit by Craig Smith and loses puck.
12:22 of 2nd period - Minor Penalty to Matthew Nieto for Tripping.
12:23 of 2nd period - Anders Lee wins face-off versus Melker Karlsson in Inferno zone.
12:57 of 2nd period - Christian Folin is hit by JT Compher and loses puck.
14:22 of 2nd period - Penalty to Matthew Nieto is over, Matthew Nieto is back on ice.
14:35 of 2nd period - Off-side.
14:36 of 2nd period - Ryan Spooner wins face-off versus Michael McCarron in neutral zone.
14:45 of 2nd period - Wrist shot by Ryan Spooner.
14:45 of 2nd period - Stopped by Chet Pickard with a rebound.
15:18 of 2nd period - Minor Penalty to Ryan Spooner for Holding Stick.
15:19 of 2nd period - Melker Karlsson wins face-off versus Anders Lee in Inferno zone.
15:23 of 2nd period - Wrist shot by Craig Smith.
15:23 of 2nd period - Goal by Craig Smith - Inferno : 3 - Mustangs : 5.
15:24 of 2nd period - Anders Lee wins face-off versus Melker Karlsson in neutral zone.
15:27 of 2nd period - Joshua Leivo is hit by Bryan Rust and loses puck.
16:16 of 2nd period - Slapshot by Nick Schmaltz.
16:16 of 2nd period - Stopped by Michael Hutchinson with a rebound.
16:22 of 2nd period - Wrist shot by Curtis Hamilton.
16:22 of 2nd period - Shot Misses the Net.
16:32 of 2nd period - Slapshot by Christian Folin.
16:32 of 2nd period - Shot Blocked by Joshua Leivo.
16:34 of 2nd period - Snap shot by Bryan Rust.
16:34 of 2nd period - Stopped by Chet Pickard without a rebound.
16:35 of 2nd period - Anders Lee wins face-off versus Melker Karlsson in Mustangs zone.
16:36 of 2nd period - Wrist shot by Tanner Pearson.
16:36 of 2nd period - Shot Misses the Net.
16:54 of 2nd period - Slapshot by Joshua Leivo.
16:54 of 2nd period - Shot Blocked by Mathieu Brodeur.
16:56 of 2nd period - Slapshot by Alexei Marchenko.
16:56 of 2nd period - Shot Misses the Net.
16:58 of 2nd period - Wrist shot by Melker Karlsson.
16:58 of 2nd period - Stopped by Michael Hutchinson without a rebound.
16:59 of 2nd period - Philip Varone wins face-off versus Stefan Matteau in Inferno zone.
17:04 of 2nd period - Backhand shot by Colby Robak.
17:04 of 2nd period - Deflect By Kevin Labanc.
17:04 of 2nd period - Stopped by Chet Pickard without a rebound.
17:05 of 2nd period - Stefan Matteau wins face-off versus Philip Varone in Mustangs zone.
17:18 of 2nd period - Slapshot by Matthew Nieto.
17:18 of 2nd period - Stopped by Chet Pickard with a rebound.
17:20 of 2nd period - Snap shot by Matthew Nieto.
17:20 of 2nd period - Shot Misses the Net.
18:34 of 2nd period - Alexei Marchenko is hit by Philip Varone and loses puck.
18:57 of 2nd period - Frank Corrado is hit by Alex Tuch and loses puck.
19:30 of 2nd period - Wrist shot by Ryan Spooner.
19:30 of 2nd period - Deflect By Tyler Shattock.
19:30 of 2nd period - Stopped by Chet Pickard without a rebound.
19:31 of 2nd period - Melker Karlsson wins face-off versus Ryan Spooner in Mustangs zone.
19:31 of 2nd period - Melker Karlsson is hit by David Savard.
Goals for this period are 1 for Inferno vs 3 for Mustangs.
Shots for this period are 8 for Inferno vs 8 for Mustangs.
3rd period
0:01 of 3rd period - Anders Lee wins face-off versus Melker Karlsson in neutral zone.
0:08 of 3rd period - Icing by Alexei Marchenko.
0:09 of 3rd period - Melker Karlsson wins face-off versus Anders Lee in Mustangs zone.
0:09 of 3rd period - Melker Karlsson is hit by Bryan Rust.
0:21 of 3rd period - Tanner Pearson is hit by Melker Karlsson and loses puck.
0:30 of 3rd period - Snap shot by Melker Karlsson.
0:30 of 3rd period - Stopped by Michael Hutchinson with a rebound.
1:36 of 3rd period - Wrist shot by Tanner Pearson.
1:36 of 3rd period - Goal by Tanner Pearson - Inferno : 4 - Mustangs : 5.
1:37 of 3rd period - Stefan Matteau wins face-off versus Kevin Labanc in neutral zone.
1:44 of 3rd period - JT Compher is hit by Christian Folin and loses puck.
1:49 of 3rd period - Slapshot by Christian Folin.
1:49 of 3rd period - Shot Misses the Net.
1:51 of 3rd period - Slapshot by Matthew Nieto.
1:51 of 3rd period - Stopped by Chet Pickard without a rebound.
1:52 of 3rd period - Victor Rask wins face-off versus Nick Schmaltz in Mustangs zone.
1:52 of 3rd period - Christian Folin is hit by Scott Mayfield and loses puck.
1:59 of 3rd period - Slapshot by Scott Mayfield.
1:59 of 3rd period - Deflect By Curtis Hamilton.
1:59 of 3rd period - Deflect By Christian Folin.
1:59 of 3rd period - Stopped by Michael Hutchinson with a rebound.
2:07 of 3rd period - Snap shot by Nick Schmaltz.
2:07 of 3rd period - Shot Blocked by Christian Folin.
2:27 of 3rd period - Minor Penalty to Scott Mayfield for Slashing.
2:28 of 3rd period - Tanner Pearson wins face-off versus Melker Karlsson in Mustangs zone.
2:30 of 3rd period - Slapshot by Christian Folin.
2:30 of 3rd period - Shot Blocked by Danny Biega.
2:32 of 3rd period - Snap shot by Oliver Bjorkstrand.
2:32 of 3rd period - Stopped by Chet Pickard without a rebound.
2:33 of 3rd period - Melker Karlsson wins face-off versus Anders Lee in Mustangs zone.
3:08 of 3rd period - Slapshot by Christian Folin.
3:08 of 3rd period - Shot Blocked by Stefan Matteau.
4:27 of 3rd period - Penalty to Scott Mayfield is over, Scott Mayfield is back on ice.
4:38 of 3rd period - Nick Schmaltz is hit by Peter Cehlarik and loses puck.
6:14 of 3rd period - JT Compher is hit by Bryan Rust and loses puck.
7:03 of 3rd period - Matt Kassian is hit by Craig Smith and loses puck.
7:34 of 3rd period - Ryan Spooner is hit by Alex Tuch and loses puck.
7:56 of 3rd period - Alexei Marchenko is hit by Matthew Nieto and loses puck.
8:07 of 3rd period - JT Compher is hit by Tanner Pearson and loses puck.
8:14 of 3rd period - Snap shot by Anders Lee.
8:14 of 3rd period - Stopped by Chet Pickard with a rebound.
8:55 of 3rd period - Wrist shot by Iven Barbashev.
8:55 of 3rd period - Stopped by Michael Hutchinson without a rebound.
8:56 of 3rd period - Victor Rask wins face-off versus Iven Barbashev in Inferno zone.
9:05 of 3rd period - Wrist shot by Victor Rask.
9:05 of 3rd period - Shot Blocked by Ben Harpur.
9:07 of 3rd period - Slapshot by Mathieu Brodeur.
9:07 of 3rd period - Shot Blocked by Ben Harpur.
9:09 of 3rd period - Snap shot by Matt Kassian.
9:09 of 3rd period - Shot Misses the Net.
9:11 of 3rd period - Snap shot by Victor Rask.
9:11 of 3rd period - Shot Misses the Net.
11:00 of 3rd period - Off-side.
11:01 of 3rd period - Anders Lee wins face-off versus Melker Karlsson in neutral zone.
11:04 of 3rd period - Slapshot by Tanner Pearson.
11:04 of 3rd period - Shot Blocked by Dakota Mermis.
11:12 of 3rd period - Mathieu Brodeur is hit by Dakota Mermis and loses puck.
11:17 of 3rd period - Snap shot by Joshua Leivo.
11:17 of 3rd period - Stopped by Michael Hutchinson with a rebound.
11:27 of 3rd period - Danny Biega is hit by Kevin Labanc and loses puck.
11:48 of 3rd period - Snap shot by Max Gortz.
11:48 of 3rd period - Shot Misses the Net.
12:06 of 3rd period - Snap shot by Melker Karlsson.
12:06 of 3rd period - Shot Misses the Net.
12:08 of 3rd period - Snap shot by Ben Harpur.
12:08 of 3rd period - Deflect By Melker Karlsson.
12:08 of 3rd period - Stopped by Michael Hutchinson without a rebound.
12:09 of 3rd period - Melker Karlsson wins face-off versus Ryan Spooner in Inferno zone.
12:14 of 3rd period - Slapshot by Joshua Leivo.
12:14 of 3rd period - Goal by Joshua Leivo - Inferno : 4 - Mustangs : 6.
12:15 of 3rd period - Melker Karlsson wins face-off versus Anders Lee in neutral zone.
12:40 of 3rd period - Ryan Pulock is hit by Kevin Labanc and loses puck.
13:05 of 3rd period - Matt Kassian is hit by Max Gortz and loses puck.
13:28 of 3rd period - Peter Cehlarik is hit by Alex Tuch and loses puck.
13:37 of 3rd period - Christian Folin is hit by Melker Karlsson and loses puck.
14:18 of 3rd period - Snap shot by Craig Smith.
14:18 of 3rd period - Shot Misses the Net.
14:30 of 3rd period - Esa Lindell is hit by Nick Schmaltz.
14:56 of 3rd period - Snap shot by Victor Rask.
14:56 of 3rd period - Deflect By Matt Kassian.
14:56 of 3rd period - Shot Misses the Net.
14:56 of 3rd period - Puck is out of play.
14:57 of 3rd period - Craig Smith wins face-off versus Philip Varone in Mustangs zone.
16:39 of 3rd period - Michael McCarron is hit by Philip Varone and loses puck.
16:54 of 3rd period - Slapshot by Max Gortz.
16:54 of 3rd period - Stopped by Michael Hutchinson with a rebound.
16:58 of 3rd period - Snap shot by Nick Schmaltz.
16:58 of 3rd period - Stopped by Michael Hutchinson without a rebound.
16:59 of 3rd period - Joshua Leivo wins face-off versus Victor Rask in Inferno zone.
17:08 of 3rd period - Snap shot by Joshua Leivo.
17:08 of 3rd period - Stopped by Michael Hutchinson without a rebound.
17:09 of 3rd period - Victor Rask wins face-off versus Melker Karlsson in Inferno zone.
17:09 of 3rd period - Victor Rask is hit by Melker Karlsson.
17:31 of 3rd period - Slapshot by David Savard.
17:31 of 3rd period - Shot Blocked by Scott Mayfield.
17:47 of 3rd period - Snap shot by Joshua Leivo.
17:47 of 3rd period - Deflect By Alex Tuch.
17:47 of 3rd period - Stopped by Michael Hutchinson without a rebound.
17:48 of 3rd period - Anders Lee wins face-off versus Nick Schmaltz in Inferno zone.
17:53 of 3rd period - Max Gortz is hit by Bryan Rust and loses puck.
18:19 of 3rd period - Wrist shot by Alexei Marchenko.
18:19 of 3rd period - Stopped by Michael Hutchinson with a rebound.
18:21 of 3rd period - Snap shot by JT Compher.
18:21 of 3rd period - Goal by JT Compher - Inferno : 4 - Mustangs : 7.
18:22 of 3rd period - Anders Lee wins face-off versus Melker Karlsson in neutral zone.
18:24 of 3rd period - Minor Penalty to Esa Lindell for Hooking.
18:25 of 3rd period - Anders Lee wins face-off versus Melker Karlsson in Inferno zone.
18:35 of 3rd period - Christian Folin is hit by Joshua Leivo and loses puck.
19:38 of 3rd period - Snap shot by Philip Varone.
19:38 of 3rd period - Stopped by Chet Pickard with a rebound.
19:40 of 3rd period - Snap shot by Matthew Nieto.
19:40 of 3rd period - Shot Misses the Net.
Goals for this period are 1 for Inferno vs 2 for Mustangs.
Shots for this period are 5 for Inferno vs 12 for Mustangs.
Back to the Top